 Dungeon Crawl Stone Soup version 0.31.0-11-ge490571c62 (webtiles) character file.

Game seed: 855777820029580274

70 Sobieck the Sneak (level 4, -1/24 HPs)
             Began as a Vine Stalker Brigand on Jan 31, 2024.
             Slain by an orc
             ... wielding a +0 mace
              (4 damage)
             ... on level 2 of the Dungeon.
             The game lasted 00:02:14 (1203 turns).

Sobieck the Sneak (Vine Stalker Brigand)            Turns: 1203, Time: 00:02:15

Health: -1/24      AC:  3    Str: 13    XL:     4   Next: 22%
Magic:  0/5        EV: 11    Int: 11    God:
Gold:   77         SH:  0    Dex: 18    Spells: 3/3 levels left

rFire   . . .        j - +1 dagger (speed)
rCold   . . .        (no shield)
rNeg    . . .        b - +0 robe
rPois   .            (no helmet)
rElec   .            c - +0 cloak
rCorr   .            (no gloves)
SInv    .            (no boots)
Will    .....        (no amulet)
Stlth   +++          (no ring)
HPRegen 1.04/turn    (no ring)
MPRegen 0.09/turn

%: guardian spirit
@: no status effects
A: fangs 2, regeneration 1, magic shield, antimagic bite, no potion heal 2
a: no special abilities


You were on level 2 of the Dungeon.
You visited 1 branch of the dungeon, and saw 2 of its levels.

You collected 77 gold pieces.

Inventory:

Hand Weapons
 a - a +2 dagger
 j - a +1 dagger of speed (weapon)
Missiles
 k - 9 poisoned darts
 F - 3 curare-tipped darts
Armour
 b - a +0 robe (worn)
 c - a +0 cloak (worn)
Scrolls
 d - a scroll of identify {unknown}
 e - a scroll of amnesia {unknown}
 f - a scroll of poison {unknown}
 g - a scroll of enchant weapon {unknown}
 h - a scroll of torment {unknown}
Potions
 i - a potion of might {unknown}
 l - a potion of degeneration {unknown}


   Skills:
 + Level 3.0 Fighting
 + Level 3.0 Short Blades
 - Level 1.7 Throwing
 - Level 0.7 Dodging
 - Level 4.8 Stealth


You had 3 spell levels left.
You didn't know any spells.
Your spell library was empty.

Dungeon Overview and Level Annotations

Branches:
Dungeon (2/15)

Altars:

Shops:
D:2 (


Innate Abilities, Weirdness & Mutations

You have extremely sharp teeth.
Your natural rate of healing is unusually fast.
When hurt, damage is shared between your health and your magic reserves.
Your bite disrupts and absorbs the magic of your enemies.
Potions cannot restore your health.


Message History

The rat bites you.
The rat squeaks loudly.
You closely miss the rat. Your bite misses the rat. The rat barely misses you.
The rat bites you but does no damage.
You hit the rat.
You kill the rat!
You hit the rat.
You kill the rat!
No target in view!
No target in view!
Found Gilaritrek's Weapon Boutique.
There is an entrance to Gilaritrek's Weapon Boutique here.
You can access your shopping list by pressing '$'.
Unknown command.
Found a stone staircase leading up.
An orc comes into view.
It is wielding a +0 mace. 2 orc priests come into view.
An orc comes into view. It is wielding a +0 club.
The helpless orc priest fails to defend itself.
You impale the orc priest!!
You kill the orc priest!
Your Fighting skill increases to level 3!
Your Short Blades skill increases to level 3!
You have reached level 4!
You feel agile.
Things that are here:
a +0 trident; a +0 scale mail The orc shouts!
The orc priest shouts!
The orc shouts!
A bat comes into view.
The orc hits you with a +0 club.
The orc priest hits you with a +0 flail!
* * * LOW HITPOINT WARNING * * *
You closely miss the orc priest. You bite the orc priest. You drain its power.
You feel invigorated.
The orc priest is lightly wounded.
You barely miss the orc priest.
The orc priest is lightly wounded.
The orc hits you but does no damage. The orc priest barely misses you.
You hit the orc priest.
The orc priest is moderately wounded.
You barely miss the orc priest.
The orc priest is moderately wounded.
The orc hits you with a +0 club.
* * * LOW HITPOINT WARNING * * *
The orc priest calls down the wrath of Beogh upon you.
Beogh smites you!
Ouch! That really hurt!
* * * LOW HITPOINT WARNING * * *
The orc hits you with a +0 mace.
You die...

... #.# #..# ..... ..#
#.## .....####.# #.#
..........# #.#
..........##########.#
.....................#
..........####.....###
.......o).# ##<####
......b@..# ###
......oo### ........#
........# ........#
........# ........#
........#


You could see an orc priest, 2 orcs and a bat.

Vanquished Creatures
  An orc priest (D:2)
  A dart slug (D:1)
  A ball python (D:2)
  An endoplasm (D:1)
  A giant cockroach (D:1)
  3 goblins (D:1)
  4 hobgoblins (D:1)
  5 jackals (D:2)
  3 kobolds (D:1)
  A quokka (D:1)
  6 bats
  3 frilled lizards (D:1)
  10 rats
40 creatures vanquished.

Notes
Turn   | Place    | Note
-------+----------+-------------------------------------------
     0 | D:1      | Sobieck the Vine Stalker Brigand began the quest for the
                  | Orb.
     0 | D:1      | Reached XP level 1. HP: 11/11 MP: 2/2
   221 | D:1      | Reached XP level 2. HP: 15/15 MP: 3/3
   495 | D:1      | Reached XP level 3. HP: 19/19 MP: 4/4
   890 | D:2      | Found a faded altar of an unknown god.
  1099 | D:2      | Found Gilaritrek's Weapon Boutique.
  1198 | D:2      | Reached skill level 3 in Fighting
  1198 | D:2      | Reached skill level 3 in Short Blades
  1198 | D:2      | Reached XP level 4. HP: 24/24 MP: 5/5
  1203 | D:2      | Slain by an orc

Illustrated notes

Levels and vault maps discovered:
D:1:      minmay_arrival_statue_studded, layout_basic
D:2:      layout_basic, shapermc_ecumenical_altar_mp_highgroup, serial_shops,
          shop, shop, minivault_5

Skill      XL: |  1  2  3 |
---------------+----------+-----
Fighting       | 2 3 |  3.0
Short Blades   | 2 3 |  3.0
Throwing       | |  1.7
Dodging        | |  0.7
Stealth        | |  4.8

Action                     |  1- 3 |  4- 6 || total
---------------------------+-------+-------++-------
  Melee: Dagger            |    97 |     4 ||   101
         Bite              |    15 |     1 ||    16
   Stab: Sleeping          |    12 |       ||    12
 Armour: Robe              |    46 |     5 ||    51
  Dodge: Dodged            |    54 |     1 ||    55
